 Dungeon Crawl Stone Soup version 0.21.1-1-g345015f (webtiles) character file.

2137 inc the Cudgeler (level 9, 0/74 HPs)
             Began as a Gnoll Chaos Knight on June 8, 2018.
             Slain by Joseph the hornet (5 damage)
             ... while paralysed by Joseph
             ... on level 7 of the Dungeon.
             The game lasted 00:15:19 (7321 turns).

inc the Cudgeler (Gnoll Chaos Knight)               Turns: 7321, Time: 00:15:20

Health: 0/74       AC:  6    Str: 13 (14) XL:     9   Next: 30%
Magic:  0/15       EV:  2    Int: 19      God:    Xom [......]
Gold:   344        SH:  0    Dex: 14      Spells: 16/16 levels left

rFire    . . .     SeeInvis +   a - +0 mace (chaos)
rCold    . . .     Gourm    .   x - +0 buckler
rNeg     . . .     Faith    .   w - +2 leather armour {MR+}
rPois    .         Spirit   +   C - +0 helmet
rElec    .         Reflect  .   (no cloak)
rCorr    .         Harm     .   (no gloves)
MR       +....                  (no boots)
Stlth    ++........             j - amulet of guardian spirit
HPRegen  0.22/turn              (no ring)
MPRegen  0.14/turn              (no ring)

@: paralysed, slowed, heavily drained
A: distributed training, fangs 1, see invisible, deterioration 1, strong nose
a: Renounce Religion


You were on level 7 of the Dungeon.
You worshipped Xom.
You were a very special plaything of Xom.
You were near starving.

You visited 1 branch of the dungeon, and saw 7 of its levels.

You collected 344 gold pieces.

Inventory:

Hand Weapons
 a - a +0 mace of chaos (weapon)
 n - a +1 short sword of flaming
Armour
 b - a +2 leather armour
 w - a +2 leather armour of magic resistance (worn)
 x - a +0 buckler (worn)
 C - a +0 helmet (worn)
Jewellery
 j - an amulet of guardian spirit (around neck)
 m - an uncursed amulet of the gourmand
 s - an uncursed ring of see invisible
Scrolls
 h - 2 scrolls of teleportation
 l - a scroll of enchant armour {unknown}
 o - a scroll of noise {unknown}
 q - a scroll of blinking {unknown}
 u - a scroll of immolation {unknown}
 v - a scroll of random uselessness {unknown}
 y - a scroll of remove curse
 A - 3 scrolls of identify
Potions
 d - 2 potions of flight
 e - 3 potions of might {unknown}
 f - a potion of lignification
 g - a potion of invisibility
 k - 2 potions of haste
 p - a potion of degeneration
 r - a potion of magic {unknown}
 z - a potion of agility
Books
 B - a book of Changes

   Spells                             Type                      Level
   a - Beastly Appendage              Transmutation                1
   b - Sticks to Snakes               Transmutation                2
   c - Spider Form                    Transmutation/Poison         3
   d - Ice Form                       Ice/Transmutation            4
   e - Blade Hands                    Transmutation                5
Comestibles
 c - 18 rations


   Skills:
 + Level 7.8(5.5) Fighting
 + Level 4.0(2.0) Short Blades
 + Level 4.0(2.0) Long Blades
 + Level 4.0(2.0) Axes
 + Level 7.8(5.5) Maces & Flails
 + Level 4.0(2.0) Polearms
 + Level 4.0(2.0) Staves
 + Level 4.0(2.0) Slings
 + Level 4.0(2.0) Bows
 + Level 4.0(2.0) Crossbows
 + Level 4.0(2.0) Throwing
 + Level 6.2(4.0) Armour
 + Level 4.8(2.8) Dodging
 + Level 4.0(2.0) Stealth
 + Level 4.0(2.0) Shields
 + Level 4.0(2.0) Unarmed Combat
 + Level 4.0(2.0) Spellcasting
 + Level 3.3(1.3) Conjurations
 + Level 3.3(1.3) Hexes
 + Level 3.3(1.3) Charms
 + Level 3.3(1.3) Summonings
 + Level 3.3(1.3) Necromancy
 + Level 3.3(1.3) Translocations
 + Level 3.3(1.3) Transmutations
 + Level 3.3(1.3) Fire Magic
 + Level 3.3(1.3) Ice Magic
 + Level 3.3(1.3) Air Magic
 + Level 3.3(1.3) Earth Magic
 + Level 3.3(1.3) Poison Magic
 + Level 4.4(2.4) Invocations
 + Level 4.0(2.0) Evocations


You had 16 spell levels left.
You didn't know any spells.

Dungeon Overview and Level Annotations

Branches:
Dungeon (7/15)             Temple (0/1) D:4

Altars:
Cheibriados
Elyvilon
Xom

Shops:
D:5 *

Annotations:
D:7 Joseph


Innate Abilities, Weirdness & Mutations

Your experience applies equally to all skills.
You have very sharp teeth.
Your uncanny sense of smell can sniff out nearby items.
You have supernaturally acute eyesight. (SInv)
Your body sometimes deteriorates upon taking damage.


Message History

Unknown command.
You closely miss Joseph.
Joseph is moderately wounded.
Xom's power touches on a nearby monster.
Joseph evaporates and reforms as a hornet!
You block Joseph's attack.
Unknown command.
You feel better. Joseph stings you.
You suddenly lose the ability to move!
Joseph stings you!
* * * LOW HITPOINT WARNING * * *
You feel yourself slow down.
You feel yourself speed up. Joseph stings you.
* * * LOW HITPOINT WARNING * * *
You shrug off the repeated paralysis!
Joseph stings you!
* * * LOW HITPOINT WARNING * * *
You feel yourself slow down. Joseph stings you.
You die...
Xom bursts into laughter!

.a ∆ #. ∆ #.### .....
##...## .@... .....##
######..... #....#
#..........
######...#####..........
#..)##....y((.....).....
#)§÷##....@####.........
#.(.##..<.(####.(......# #
#######.##..##.)..(.........
#
#...##.###..##.....@........
#
#..###.###..................
#
#..##.###.....####.........)
#
#..............##...........
#
#...............#.#.....$.>(
#
#.........................##


You could see Joseph the hornet.

Vanquished Creatures
  Sigmund (D:4)
  Eustachio (D:5)
  A sky beast (D:4)
  An orc warrior (D:6)
  A phantom (D:7)
  An ogre (D:7)
  3 centaurs
  3 bullfrogs (D:6)
  A scorpion (D:4)
  A howler monkey (D:4)
  A crimson imp (D:6)
  2 jellies (D:6)
  A hound (D:5)
  A bullfrog skeleton (D:5)
  3 orc wizards
  An iguana (D:6)
  3 worker ants
  A hound skeleton (D:5)
  2 worker ant zombies
  A howler monkey zombie (D:5)
  12 gnolls
  6 adders
  A shadow imp (D:7)
  2 oozes
  2 worms
  3 dart slugs
  5 leopard geckos
  24 orcs
  3 ball pythons
  14 giant cockroaches
  10 goblins
  12 hobgoblins
  A jackal (D:1)
  8 kobolds
  5 quokkas
  6 bats
  5 frilled lizards
  A quokka skeleton (D:5)
  A quokka zombie (D:5)
  7 rats
158 creatures vanquished.

Vanquished Creatures (collateral kills)
  An ooze (D:1)
  A giant cockroach (D:5)
2 creatures vanquished.

Vanquished Creatures (others)
  The ghost of inc the Magician, a novice OpCj of Gozag (D:7)
  A quokka (D:3)
  A kobold (D:3)
3 creatures vanquished.

Grand Total: 163 creatures vanquished

Notes
Turn   | Place    | Note
-------+----------+-------------------------------------------
     0 | D:1      | inc the Gnoll Chaos Knight began the quest for the Orb.
     0 | D:1      | Reached XP level 1. HP: 23/23 MP: 1/1
     1 | D:1      | Found a runed door.
    86 | D:1      | Reached XP level 2. HP: 29/29 MP: 2/2
   319 | D:1      | XOM: divination: magic mapping
   401 | D:1      | XOM: divination: detect creatures
   432 | D:1      | XOM: divination: magic mapping
   446 | D:1      | Reached XP level 3. HP: 35/35 MP: 3/3
   630 | D:1      | Reached skill level 1 in Invocations
   655 | D:1      | Reached skill level 1 in Short Blades
   655 | D:1      | Reached skill level 1 in Long Blades
   655 | D:1      | Reached skill level 1 in Axes
   655 | D:1      | Reached skill level 1 in Polearms
   655 | D:1      | Reached skill level 1 in Staves
   655 | D:1      | Reached skill level 1 in Slings
   655 | D:1      | Reached skill level 1 in Bows
   655 | D:1      | Reached skill level 1 in Crossbows
   655 | D:1      | Reached skill level 1 in Throwing
   655 | D:1      | Reached skill level 1 in Stealth
   655 | D:1      | Reached skill level 1 in Shields
   655 | D:1      | Reached skill level 1 in Unarmed Combat
   655 | D:1      | Reached skill level 1 in Spellcasting
   655 | D:1      | Reached skill level 1 in Evocations
   656 | D:1      | Reached XP level 4. HP: 36/41 MP: 5/5
   665 | D:2      | XOM: noise
   979 | D:2      | Reached skill level 1 in Conjurations
   979 | D:2      | Reached skill level 1 in Hexes
   979 | D:2      | Reached skill level 1 in Charms
   979 | D:2      | Reached skill level 1 in Summonings
   979 | D:2      | Reached skill level 1 in Necromancy
   979 | D:2      | Reached skill level 1 in Translocations
   979 | D:2      | Reached skill level 1 in Transmutations
   979 | D:2      | Reached skill level 1 in Fire Magic
   979 | D:2      | Reached skill level 1 in Ice Magic
   979 | D:2      | Reached skill level 1 in Air Magic
   979 | D:2      | Reached skill level 1 in Earth Magic
   979 | D:2      | Reached skill level 1 in Poison Magic
  1022 | D:2      | XOM: cloud trail
  1425 | D:2      | Reached XP level 5. HP: 47/47 MP: 6/6
  1471 | D:2      | XOM: confuse monster(s)
  1638 | D:2      | XOM: enchant monster (good)
  1775 | D:2      | XOM: cloud trail
  2120 | D:3      | Reached XP level 6. HP: 44/53 MP: 8/8
  2360 | D:3      | Found a shimmering altar of Xom.
  2449 | D:3      | XOM: medium Pois miscast
  2463 | D:3      | XOM: cloud trail
  2537 | D:3      | Found a white marble altar of Elyvilon.
  2877 | D:3      | XOM: harmless Tloc miscast
  2907 | D:3      | XOM: give mutations
  2907 | D:3      | Gained mutation: You evolve. [Xom's grace]
  2907 | D:3      | Gained mutation: You have supernaturally acute eyesight. (SInv) [Xom's grace]
  2907 | D:3      | Lost mutation: You evolve. [Xom's grace]
  2907 | D:3      | Gained mutation: You are somewhat resistant to further mutation. [Xom's grace]
  3031 | D:3      | XOM: cast spell 'Summon Small Mammal'
  3400 | D:4      | Noticed Sigmund
  3460 | D:4      | XOM: smoke on damage
  3541 | D:4      | Found a staircase to the Ecumenical Temple.
  3613 | D:4      | Reached skill level 5 in Armour
  3618 | D:4      | Noticed a sky beast
  3835 | D:4      | Killed a sky beast
  3835 | D:4      | Reached XP level 7. HP: 52/59 MP: 8/10
  3858 | D:4      | XOM: 4-stop teleportation journey
  3959 | D:4      | Killed Sigmund
  4203 | D:5      | Entered Level 5 of the Dungeon
  4213 | D:5      | XOM: cloud trail
  4230 | D:5      | XOM: enchant monster (good)
  4471 | D:5      | Found a snail-covered altar of Cheibriados.
  4478 | D:5      | XOM: confuse monster(s)
  4626 | D:5      | Noticed Eustachio
  4654 | D:5      | XOM: enchant monster (good)
  4823 | D:5      | XOM is BORED!
  4869 | D:5      | XOM: enchant monster (good)
  4932 | D:6      | Reached XP level 8. HP: 33/67 MP: 9/12
  4935 | D:6      | XOM: divination: detect creatures
  4978 | D:6      | XOM: silly message
  5317 | D:6      | XOM: scenery: create altars
  5373 | D:6      | XOM: potion effect (haste)
  5497 | D:6      | XOM: scenery: create altars
  5645 | D:6      | XOM: confuse monster(s)
  5773 | D:6      | XOM: god gift: scroll labeled OBREBL CYROCWAKK {god gift}
  5851 | D:5      | Found Miwudgh's Assorted Antiques.
  6062 | D:5      | Killed Eustachio
  6402 | D:7      | Noticed inc's ghost (novice OpCj)
  6404 | D:7      | XOM: fake destruction
  6704 | D:7      | XOM: divination: detect items
  6728 | D:7      | Reached XP level 9. HP: 48/72 MP: 11/14
  6792 | D:7      | XOM: mild Tloc miscast
  6889 | D:7      | XOM: swap monsters
  6900 | D:7      | Noticed Joseph
  7220 | D:5      | XOM: give mutations
  7220 | D:5      | Lost mutation: You are somewhat resistant to further mutation. [Xom's mischief]
  7220 | D:5      | Gained mutation: Your body sometimes deteriorates upon taking damage. [Xom's mischief]
  7285 | D:7      | XOM: swap monsters
  7288 | D:7      | XOM: enchant monster (bad)
  7311 | D:7      | Killed inc's ghost
  7313 | D:7      | XOM: swap monsters
  7318 | D:7      | Noticed Joseph
  7318 | D:7      | Joseph changed into Joseph the hornet
  7318 | D:7      | XOM: polymorph Joseph -> Joseph the hornet
  7319 | D:7      | Paralysed by Joseph for 3 turns
  7321 | D:7      | Slain by Joseph the hornet

Skill      XL: |  1  2  3  4  5  6  7  8  9 |
---------------+----------------------------+-----
Invocations    | 1 2 3 4 |  4.4
Short Blades   | 1 2 3 4 |  4.0
Long Blades    | 1 2 3 4 |  4.0
Axes           | 1 2 3 4 |  4.0
Polearms       | 1 2 3 4 |  4.0
Staves         | 1 2 3 4 |  4.0
Slings         | 1 2 3 4 |  4.0
Bows           | 1 2 3 4 |  4.0
Crossbows      | 1 2 3 4 |  4.0
Throwing       | 1 2 3 4 |  4.0
Stealth        | 1 2 3 4 |  4.0
Shields        | 1 2 3 4 |  4.0
Unarmed Combat | 1 2 3 4 |  4.0
Spellcasting   | 1 2 3 4 |  4.0
Evocations     | 1 2 3 4 |  4.0
Conjurations   | 1 2 3 |  3.3
Hexes          | 1 2 3 |  3.3
Charms         | 1 2 3 |  3.3
Summonings     | 1 2 3 |  3.3
Necromancy     | 1 2 3 |  3.3
Translocations | 1 2 3 |  3.3
Transmutations | 1 2 3 |  3.3
Fire Magic     | 1 2 3 |  3.3
Ice Magic      | 1 2 3 |  3.3
Air Magic      | 1 2 3 |  3.3
Earth Magic    | 1 2 3 |  3.3
Poison Magic   | 1 2 3 |  3.3
Dodging        | 3 4 |  4.8
Armour         | 5 6 |  6.2
Fighting       | 7 |  7.8
Maces & Flails | 7 |  7.8

Action                   |  1- 3 |  4- 6 |  7- 9 || total
-------------------------+-------+-------+-------++-------
Melee: Mace              |    83 |    46 |   204 ||   333
       Bite              |     8 |    26 |    38 ||    72
       Short sword       |       |   191 |   151 ||   342
       Punch             |       |     2 |     3 ||     5
  Use: Scroll            |       |     5 |     5 ||    10
       Potion            |       |     1 |     7 ||     8
 Stab: Sleeping          |     1 |     6 |     7 ||    14
       Paralysed         |       |     3 |     8 ||    11
       Confused          |       |       |     6 ||     6
       Petrifying        |       |       |     1 ||     1
       Petrified         |       |       |     1 ||     1
  Eat: Chunk             |       |     7 |     9 ||    16
       Ration            |       |     1 |       ||     1
Armor: Leather armour    |    37 |    49 |   124 ||   210
Dodge: Dodged            |    85 |   136 |   300 ||   521
Block: Buckler           |       |       |    35 ||    35
